 Dungeon Crawl Stone Soup version 0.25.1-2-g60ff931df9 (webtiles) character file.

Game seed: 12182757369631120887

565 lorenzova the Magician (level 7, -7/36 HPs)
             Began as a Deep Elf Conjurer on Sept 12, 2020.
             Shot with an arrow by a centaur (16 damage)
             ... on level 4 of the Dungeon.
             The game lasted 00:07:54 (3357 turns).

lorenzova the Magician (Deep Elf Conjurer)          Turns: 3357, Time: 00:07:54

Health: -7/36      AC:  5    Str:  5    XL:     7   Next: 10%
Magic:  15/20      EV: 13    Int: 22    God:
Gold:   83         SH:  0    Dex: 15    Spells: 10/21 levels left

rFire    . . .     SeeInvis .   b - +1 short sword
rCold    . . .     Gourm    .   (no shield)
rNeg     . . .     Faith    .   a - +0 robe
rPois    +         Spirit   .   (no helmet)
rElec    .         Reflect  .   (no cloak)
rCorr    .         Harm     .   e - +1 pair of gloves
MR       .....                  o - +0 pair of boots
Stlth    ++........             (no amulet)
HPRegen  0.12/turn              i - ring of wizardry
MPRegen  0.17/turn              q - ring of poison resistance

@: no status effects
A: no striking features
a: no special abilities


You were on level 4 of the Dungeon.
You were not hungry.

You visited 1 branch of the dungeon, and saw 4 of its levels.
You also visited: Ossuary.

You collected 83 gold pieces.

Inventory:

Hand Weapons
 b - a +1 short sword (weapon)
Armour
 a - a +0 robe (worn)
 e - a +1 pair of gloves (worn)
 o - a +0 pair of boots (worn)
Jewellery
 i - a ring of wizardry (left hand)
 q - a ring of poison resistance (right hand)
Wands
 B - a wand of disintegration (15)
Scrolls
 d - 4 scrolls of enchant weapon
 f - 2 scrolls of teleportation
 g - 3 scrolls of enchant armour {unknown}
 h - a scroll of fog {unknown}
 k - a scroll of magic mapping {unknown}
 n - 2 scrolls of remove curse {unknown}
 p - a scroll of identify
 s - 3 scrolls of blinking {unknown}
 x - 3 scrolls of random uselessness {unknown}
Potions
 j - 2 potions of stabbing
 l - a potion of magic {unknown}
 m - 3 potions of heal wounds
 r - 2 potions of might {unknown}
 t - 5 potions of brilliance {unknown}
 u - 2 potions of haste {unknown}
 v - a potion of lignification {unknown}
 w - 4 potions of curing {unknown}
 z - a potion of resistance {unknown}
Miscellaneous
 y - a tin of tremorstones (3/3)
Comestibles
 c - 12 rations
 A - 3 chunks of flesh


   Skills:
 - Level 2.4 Dodging
 - Level 2.4 Stealth
 + Level 7.6 Spellcasting
 + Level 7.4 Conjurations


You had 10 spell levels left.
You knew the following spells:

 Your Spells              Type           Power        Failure   Level  Hunger
a - Magic Dart            Conj           ####         1%          1    None
b - Searing Ray           Conj           #####.       1%          2    None
c - Iskenderun's Mystic   Conj/Tloc      ###.....     7%          4    ###....
d - Fulminant Prism       Conj/Hex       ###.......   7%          4    ###....

Your spell library contained the following spells:

 Spells                   Type           Power        Failure   Level  Hunger
 Dazzling Flash           Conj/Hex       ###...       1%          3    None


Dungeon Overview and Level Annotations

Branches:
Dungeon (4/15)            Ossuary (visited)
 Temple: D:4-7

Altars:
Xom

Annotations:
D:3 Sigmund


Message History

Confirm with . or Enter, or press ? or * to list all spells.
Aiming: Searing Ray (safe; 1% risk of failure)
Press: ? - help, Shift-Dir - straight line, f - centaur
Aim: a centaur, wielding a +0 shortbow and quivering 16 arrows The searing ray hits the centaur.
The centaur is moderately wounded. (Press . to maintain the ray.)
The centaur shoots an arrow.
The arrow hits you!
The searing ray hits the centaur.
The centaur is heavily wounded.
The centaur shoots an arrow.
The arrow hits you!
* * * LOW HITPOINT WARNING * * *
The centaur shoots an arrow.
The arrow barely misses you.
The searing ray misses the centaur.
The centaur shoots an arrow.
The arrow barely misses you.
The searing ray hits the centaur!
The centaur is almost dead.
You finish channeling your searing ray.
The centaur shoots an arrow.
The arrow hits you!
You die...

...###.............#.#####
............>.#..........#
#..###........##...#......
##.# ######...####.#####.#
#.# #.# ##...### #)#
#.#.#.# #.. #......#
#.#####.#.#.# # ##.##
#......# #...........#.#
..#
#......#########.##.##.#
#.##
#....(..@...c#.#.#.....
####..#
#......#####.#...#.#.#
#.....###......# #.......#
#...........#######
#####.### #...........#
#.. #<..#.# ######.รท....#
#.######.#.# #..###)#
#.#......#.# ##.###.#
#.#........#
#..##.#####.#############


You could see a centaur.

Vanquished Creatures
  4 water moccasin zombies (Ossuary)
  A scorpion (D:4)
  A howler monkey (D:4)
  A hound (D:4)
  An iguana (D:4)
  A worker ant (D:4)
  3 big kobold zombies (Ossuary)
  2 mummies (Ossuary)
  4 adders
  3 adder zombies (Ossuary)
  2 dart slugs
  2 orcs (D:4)
  5 bats
  3 giant cockroaches (D:1)
  A gnoll zombie (Ossuary)
  5 goblins
  4 hobgoblins
  2 quokkas (D:2)
  4 frilled lizards
  3 hobgoblin zombies (Ossuary)
  8 kobolds
  4 kobold zombies (Ossuary)
  6 orc zombies (Ossuary)
  3 rats
73 creatures vanquished.

Notes
Turn   | Place    | Note
-------+----------+-------------------------------------------
     0 | D:1      | lorenzova the Deep Elf Conjurer began the quest for the
                  | Orb.
     0 | D:1      | Reached XP level 1. HP: 10/10 MP: 6/6
   354 | D:1      | Reached XP level 2. HP: 15/15 MP: 6/8
   358 | D:1      | Learned a level 2 spell: Searing Ray
   945 | D:2      | Reached skill level 5 in Conjurations
   945 | D:2      | Reached XP level 3. HP: 19/19 MP: 3/10
  1380 | D:2      | Found a shimmering altar of Xom.
  1381 | D:2      | Found a shimmering altar of Xom.
  1382 | D:2      | Found a shimmering altar of Xom.
  1382 | D:2      | Found a shimmering altar of Xom.
  1382 | D:2      | Found a shimmering altar of Xom.
  1744 | D:2      | Reached XP level 4. HP: 24/24 MP: 10/12
  1915 | D:2      | Found a shimmering altar of Xom.
  2022 | D:3      | Noticed Sigmund
  2029 | D:3      | Learned a level 4 spell: Iskenderun's Mystic Blast
  2034 | D:3      | Learned a level 4 spell: Fulminant Prism
  2171 | D:4      | Reached skill level 5 in Spellcasting
  2214 | D:4      | Reached XP level 5. HP: 28/28 MP: 7/14
  2269 | D:4      | Found a sand-covered staircase.
  2274 | Ossuary  | Entered an ossuary
  2528 | Ossuary  | Reached XP level 6. HP: 31/32 MP: 7/17
  3074 | D:4      | Reached XP level 7. HP: 36/36 MP: 15/20
  3357 | D:4      | Shot with an arrow by a centaur

Illustrated notes

Levels and vault maps discovered:
D:1:      doesnt_arrival_eight_statues, layout_loops_ring,
          minmay_misc_feat_diagonals, minmay_fountain_box,
          chequers_serial_rivers_micro_a
D:2:      layout_basic, xom_redecorated
D:3:      layout_loops_ring, guppyfry_early_lair_pool, uniq_sigmund,
          uniq_jessica
D:4:      layout_basic, enter_ossuary_5, first_ration

Skill      XL: |  1  2  3  4  5  6 |
---------------+-------------------+-----
Spellcasting   | 4 5 6 7 |  7.6
Conjurations   | 5 6 7 |  7.4
Dodging        | |  2.4
Stealth        | |  2.4

Action                   |  1- 3 |  4- 6 |  7- 9 || total
-------------------------+-------+-------+-------++-------
 Cast: Magic Dart        |    62 |    29 |    13 ||   104
       Searing Ray       |       |    17 |     2 ||    19
  Use: Scroll            |       |     5 |       ||     5
  Eat: Chunk             |     2 |     1 |     1 ||     4
       Ration            |       |     1 |       ||     1
Armor: Robe              |     2 |     9 |       ||    11
Dodge: Dodged            |     4 |    20 |     6 ||    30
